 Dungeon Crawl Stone Soup version 0.32-a0-41-gec2d92a32c (webtiles) character file.

Game seed: 7240728151323257079

1456 Newt the Skirmisher (level 9, -7/55 HPs)
             Began as a Kobold Hunter on Jan 25, 2024.
             Was a Follower of Okawaru.
             Mangled by an orc warrior
             ... wielding a +0 glaive
              (10 damage)
             ... on level 6 of the Dungeon.
             The game lasted 00:05:35 (5262 turns).

Newt the Skirmisher (Kobold Hunter)                 Turns: 5262, Time: 00:05:35

Health: -7/55      AC:  7    Str:  8    XL:     9   Next: 5%
Magic:  14/14      EV: 18    Int: 14    God:    Okawaru [*.....]
Gold:   389        SH:  0    Dex: 22    Spells: 13/15 levels left

rFire   . . .        a - +0 shortbow (flame)
rCold   + + .        (shield currently unavailable)
rNeg    + . .        u - +0 leather armour {rC+}
rPois   .            k - +1 helmet of Compassion {rC+ Int+3}
rElec   .            (no cloak)
rCorr   .            (no gloves)
SInv    .            j - +1 pair of boots
Will    .....        (no amulet)
Stlth   +++          h - ring of positive energy
HPRegen 0.29/turn    t - ring of wizardry
MPRegen 0.14/turn

%: wizardry (x1)
@: no status effects
A: small, no large weapons, nightstalker 3
a: Renounce Religion, Heroism


You were on level 6 of the Dungeon.
You worshipped Okawaru.
Okawaru was aware of your devotion.
You visited 2 branches of the dungeon, and saw 7 of its levels.
You also visited: Sewer.

You collected 389 gold pieces.

Inventory:

Hand Weapons
 a - a +0 shortbow of flaming (weapon)
Armour
 c - a +0 leather armour
 j - a +1 pair of boots (worn)
 k - the +1 helmet of Compassion (worn) {rC+ Int+3}
   (You took it off Robin on level 3 of the Dungeon)

   Int+3:     It affects your intelligence (+3).
   rC+:       It protects you from cold.
 u - a +0 leather armour of cold resistance (worn)
Jewellery
 h - a ring of positive energy (left hand)
 t - a ring of wizardry (right hand)
Wands
 s - a wand of flame (42)
Scrolls
 b - a scroll of butterflies
 d - a scroll of amnesia
 g - 3 scrolls of identify
 i - a scroll of teleportation
 l - 5 scrolls of enchant armour
 w - a scroll of silence
 x - a scroll of blinking
 y - a scroll of revelation
Potions
 e - 2 potions of haste {unknown}
 f - a potion of enlightenment
 m - a potion of lignification
 n - a potion of attraction {unknown}
 o - a potion of brilliance
 p - a potion of mutation
 q - a potion of resistance {unknown}
 r - a potion of heal wounds {unknown}
 v - a potion of degeneration {unknown}
 z - a potion of ambrosia
 A - a potion of curing


   Skills:
 + Level 6.2 Fighting
 - Level 8.4 Ranged Weapons
 - Level 6.5 Dodging
 - Level 1.3 Stealth
 + Level 3.7 Spellcasting
 + Level 3.7 Hexes


You had 13 spell levels left.
You knew the following spells:

 Your Spells              Type           Power      Damage    Failure   Level
a - Jinxbite              Hex            24%        N/A       4%          2

Your spell library contained the following spells:

 Spells                   Type           Power      Damage    Failure   Level
 Apportation              Tloc           4%         N/A       12%         1
 Magic Dart               Conj           8%         1d3       12%         1
 Sandblast                Erth           4%         2d4       12%         1
 Blink                    Tloc           4%         N/A       17%         2
 Passwall                 Erth           2%         N/A       32%         3
 Stone Arrow              Conj/Erth      4%         3d7       32%         3
 Brom's Barrelling Bould  Conj/Erth      2%         2d3       71%         4
 Alistair's Intoxication  Alch           1%         N/A       95%         5
 Conjure Ball Lightning   Conj/Air       1%         3x3d6     100%        6
 Discord                  Hex            6%         N/A       100%        8
 Disjunction              Tloc           1%         N/A       100%        8
 Call Imp                 Summ           Unusable   N/A       N/A         2

Dungeon Overview and Level Annotations

Branches:
Dungeon (6/15)             Temple (1/1) D:4           Sewer (visited)

Altars:
Dithmenos
Elyvilon
Fedhas
Gozag
Kikubaaqudgha
Makhleb
Nemelex Xobeh
Okawaru
Trog
Uskayaw
Vehumet
Wu Jian
Xom
Yredelemnul
Zin
The Shining One


Innate Abilities, Weirdness & Mutations

You are small and have problems with some larger weapons.
You are completely attuned to the shadows.


Message History

The iguana is moderately wounded.
The iguana completely misses you. The orc warrior misses you.
You shoot an arrow. The arrow barely misses the iguana.
The arrow closely misses the orc warrior.
The iguana bites you but does no damage.
The orc warrior misses you.
You shoot an arrow.
The arrow hits the iguana but does no damage.
The iguana is moderately wounded.
The iguana barely misses you. The orc warrior barely misses you.
You shoot an arrow. The arrow closely misses the iguana.
The arrow hits the orc warrior but does no damage.
The orc warrior is heavily wounded.
The iguana completely misses you. The orc warrior misses you.
You shoot an arrow. The arrow hits the iguana.
The arrow burns the iguana.
The iguana is severely wounded.
The iguana bites you. The orc warrior misses you.
You shoot an arrow. The arrow closely misses the iguana.
The arrow hits the orc warrior but does no damage.
The orc warrior is heavily wounded.
The iguana bites you!
* * * LOW HITPOINT WARNING * * *
The orc warrior closely misses you.
You shoot an arrow. The arrow closely misses the iguana.
The arrow hits the orc warrior.
The arrow burns the orc warrior.
The orc warrior is heavily wounded.
The iguana bites you but does no damage.
The orc warrior misses you.
You shoot an arrow. The arrow hits the iguana.
The arrow burns the iguana.
The iguana is almost dead.
The iguana closely misses you. The orc warrior closely misses you.
You shoot an arrow. The arrow hits the iguana.
The arrow burns the iguana.
You kill the iguana!
Okawaru accepts your kill.
The orc warrior hits you from afar with a +0 glaive!
* * * LOW HITPOINT WARNING * * *
You shoot an arrow.
The arrow closely misses the orc warrior.
The orc warrior hits you from afar with a +0 glaive!
You die...

**** #.# #.#.# *,,,,** #.*
#.#.#**,,,,,** *,*
#.#.#*,,,,,,,* *,*
#.#.#*,,,,,,,*
******,*##>..#*,,,,,,,*
*******,,,**.##...####.,,,,**
,,,,,,,,*,,,.....^.....,,,**
*******,,,**,##...####.****
******,*##@## *,**********
*,* #.# *,,,,,,,,,,, *,*
#o#####******,,,,, *,*
#......** *,****
*,*##..###.,*** *,*
*,*#..†..##,,,* *,*
*,,#.#..)[#,,,***,*
*,...#....#,,,,,*,****
*,##.##...####,,,,,,,,


You could see an orc warrior.

Vanquished Creatures
  Sigmund (D:3)
  A sky beast (D:6)
  An ice beast (D:6)
  A black bear (D:5)
  An ogre (D:6)
  A crocodile (Sewer)
  A bullfrog (D:6)
  2 scorpions
  A bombardier beetle (D:4)
  5 hounds
  A jelly (D:5)
  2 orc priests (D:4)
  Natasha (twice) (D:2)
  4 iguanas
  2 orc wizards
  Robin (D:3)
  9 adders
  An ufetubus (D:6)
  A dart slug (D:3)
  11 orcs
  9 ball pythons
  3 bats
  5 endoplasms
  5 giant cockroaches
  13 goblins
  5 hobgoblins
  11 jackals
  A quokka (D:1)
  4 frilled lizards
  7 kobolds
  A rat (D:1)
113 creatures vanquished.

Notes
Turn   | Place    | Note
-------+----------+-------------------------------------------
     0 | D:1      | Newt the Kobold Hunter began the quest for the Orb.
     0 | D:1      | Reached XP level 1. HP: 12/12 MP: 1/1
    95 | D:1      | Reached XP level 2. HP: 18/18 MP: 2/2
   244 | D:1      | Reached XP level 3. HP: 22/22 MP: 3/3
   675 | D:2      | Reached skill level 6 in Ranged Weapons
   766 | D:2      | Noticed Natasha
   773 | D:2      | Killed Natasha
   774 | D:2      | Reached XP level 4. HP: 14/27 MP: 4/4
  1111 | D:2      | Found an opulent altar of Gozag.
  1121 | D:2      | Noticed Natasha
  1128 | D:2      | Killed Natasha
  1129 | D:2      | Reached XP level 5. HP: 29/32 MP: 5/5
  1432 | D:3      | Noticed Sigmund
  1457 | D:3      | Killed Sigmund
  1458 | D:3      | Reached skill level 7 in Ranged Weapons
  1458 | D:3      | Reached skill level 5 in Dodging
  1458 | D:3      | Reached XP level 6. HP: 14/37 MP: 6/6
  1713 | D:3      | Found a white marble altar of Elyvilon.
  1832 | D:3      | Identified the +1 helmet of Compassion {rC+ Int+3}
  1832 | D:3      | Noticed Robin
  1850 | D:3      | Killed Robin
  2464 | D:4      | Reached XP level 7. HP: 27/42 MP: 7/7
  2580 | D:4      | Found a glowing drain.
  2617 | Sewer    | Entered a sewer
  2690 | Sewer    | Reached skill level 8 in Ranged Weapons
  2966 | D:4      | Found a staircase to the Ecumenical Temple.
  2987 | Temple   | Entered the Ecumenical Temple
  3028 | Temple   | Became a worshipper of Warmaster Okawaru
  3743 | D:5      | Entered Level 5 of the Dungeon
  3758 | D:5      | Learned a level 2 spell: Jinxbite
  3765 | D:5      | Identified the +5 mace "Qaese" {holy, rElec rF- Str+7
                  | Stlth+}
  3890 | D:5      | Reached XP level 8. HP: 28/48 MP: 7/9
  3976 | D:5      | Reached skill level 1 in Spellcasting
  3976 | D:5      | Reached skill level 1 in Hexes
  4105 | D:5      | Found a bloodstained altar of Trog.
  4455 | D:5      | Reached skill level 5 in Fighting
  4603 | D:5      | Found a hide-covered altar of Uskayaw.
  4965 | D:6      | Reached * piety under Okawaru
  5017 | D:6      | Reached XP level 9. HP: 24/55 MP: 12/14
  5261 | D:6      | HP: 2/55 [orc warrior/+0 glaive (14)]
  5262 | D:6      | Mangled by an orc warrior

Illustrated notes

Levels and vault maps discovered:
D:1:      dpeg_arrival_rhombus, layout_rooms
D:2:      minmay_evil_eye, layout_basic, basic_altar, minmay_misc_feat_alley,
          grunt_ministairs_12, uniq_natasha
D:3:      layout_loops_ring, elyvilon_altar_1, uniq_sigmund, uniq_robin
D:4:      layout_loops_ring, minmay_temple_entry_drinking_statues,
          gup_sewer_entry_glass
D:5:      layout_loops_ring, lemuel_coloured_pillars_altar,
          mainiacjoe_overflow_small_starburst, kennysheep_cross_bottleneck
D:6:      layout_loops_ring, minmay_bent, uniq_maggie
Temple:   nicolae_temple_figure_eight

Skill      XL: |  1  2  3  4  5  6  7  8 |
---------------+-------------------------+-----
Dodging        | 3 4 5 6 |  6.5
Ranged Weapons | 6 7 8 |  8.4
Fighting       | 3 4 6 |  6.2
Spellcasting   | 3 |  3.7
Hexes          | 3 |  3.7
Stealth        | |  1.3

Action                     |  1- 3 |  4- 6 |  7- 9 || total
---------------------------+-------+-------+-------++-------
  Melee: Shortbow          |       |     3 |       ||     3
   Fire: Shortbow          |    82 |   125 |   222 ||   429
    Use: Scroll            |       |     8 |     7 ||    15
         Potion            |       |     1 |     2 ||     3
 Armour: Leather armour    |    19 |    43 |    75 ||   137
  Dodge: Dodged            |    37 |    77 |   150 ||   264

Table legend: (Time is in decaauts)
 A = Elapsed time spent in this place.
 B = Non-inter-level travel time spent in this place.
 C = Inter-level travel time spent in this place.
 D = Time resting spent in this place.
 E = Time spent auto-exploring this place.
 F = Levels seen in this place.
 G = Mean time per level.
                   A        B        C        D        E       F      G
               +--------+--------+--------+--------+--------+-----+--------+
         Total |   5311 |   5038 |    273 |    680 |   3581 |   8 |  663.9 |
       Dungeon |   4982 |   4789 |    193 |    665 |   3417 |   6 |  830.3 |
        Temple |     80 |      1 |     79 |      0 |      0 |   1 |   80.0 |
         Sewer |    248 |    248 |      0 |     15 |    164 |   1 |  248.0 |
               +--------+--------+--------+--------+--------+-----+--------+

Top non-repeatable levels by time:
     D:4: 1017 daAuts
     D:3: 1011 daAuts
     D:5: 966 daAuts
     D:2: 931 daAuts
     D:6: 556 daAuts
     D:1: 498 daAuts
   Sewer: 248 daAuts
  Temple: 80 daAuts
